 Dungeon Crawl Stone Soup version 0.29-a0-620-g13ace881f2 (webtiles) character file.

Game seed: 15242540047217767721

2825 avis the Archer (level 9, -4/111 HPs)
             Began as a Demigod Ice Elementalist on June 18, 2022.
             Slain by a vampire
             ... wielding a +1 vampiric halberd
              (10 damage)
             ... in a bailey on June 19, 2022.
             The game lasted 01:02:44 (8494 turns).

avis the Archer (Demigod Ice Elementalist)          Turns: 8494, Time: 01:02:44

Health: -4/111     AC: 33    Str:  9    XL:     9   Next: 21%
Magic:  16/16      EV:  2    Int: 24    God:
Gold:   31         SH:  0    Dex: 21    Spells: 10/14 levels left

rFire   x . .      SeeInvis .   b - +7 shortbow of Juargh {vorpal, rElec rCorr Int+7 Dex-5}
rCold   + . .      Faith    .   (shield currently unavailable)
rNeg    . . .      Spirit   .   (body armour currently unavailable)
rPois   +          Reflect  +   (helmet currently unavailable)
rElec   +          Harm     .   (cloak currently unavailable)
rCorr   +          Rampage  .   (gloves currently unavailable)
Will    .....      NoTele   +   (boots currently unavailable)
Stlth   +.........              n - amulet of reflection
HPRegen 0.28/turn               d - ring of wizardry
MPRegen 0.15/turn               e - ring of ice

@: confused, ice-armoured, tree-form, ambrosia-drunk
A: stationary, stasis, torment immunity, boosted hp, high MP 1, forlorn, divine
attributes
a: no special abilities


You were in a bailey.
You were a tree.
You visited 2 branches of the dungeon, and saw 8 of its levels.
You also visited: Bailey.

You collected 239 gold pieces.
You spent 208 gold pieces at shops.

Inventory:

Hand Weapons
 a - a +0 long sword
 b - the +7 shortbow of Juargh (weapon) {vorpal, rElec rCorr Int+7 Dex-5}
   (You bought it in a shop on level 2 of the Dungeon)

   Any ammunition fired from it inflicts extra damage upon your enemies.
   Int:       It affects your intelligence (+7).
   Dex:       It affects your dexterity (-5).
   rElec:     It insulates you from electricity.
   rCorr:     It protects you from acid and corrosion.
 t - a +3 spear
 w - a +2 dagger of protection
 F - a +0 dagger of venom
Missiles
 p - 5 boomerangs
 z - 8 poisoned darts
 C - 2 javelins
Armour
 h - a +0 robe
 v - a +1 ring mail of willpower
 B - a +0 hat (melded)
 G - a +2 robe of cold resistance (melded)
 H - a +0 cloak (melded)
 I - a +1 leather armour of cold resistance
Jewellery
 d - a ring of wizardry (left branch)
 e - a ring of ice (right branch)
 n - an amulet of reflection (around neck)
 q - a ring of protection from fire
 s - a ring of see invisible
Wands
 u - a wand of light (10)
 y - a wand of iceblast (2)
 D - a wand of digging (4)
Scrolls
 c - a scroll of enchant weapon {unknown}
 f - 2 scrolls of magic mapping {unknown}
 i - 2 scrolls of noise {unknown}
 j - 3 scrolls of blinking {unknown}
 k - 2 scrolls of immolation {unknown}
 m - 2 scrolls of vulnerability {unknown}
 o - 4 scrolls of identify
 A - 3 scrolls of teleportation {unknown}
 E - a scroll of summoning {unknown}
Potions
 r - a potion of magic


   Skills:
 - Level 5.0 Fighting
 * Level 8.3 Bows
 * Level 3.0 Dodging
 - Level 4.0 Stealth
 - Level 3.0 Spellcasting
 - Level 6.0 Ice Magic


You had 10 spell levels left.
You knew the following spells:

 Your Spells              Type           Power      Damage    Failure   Level
a - Freeze                Ice            100%       1d11      1%          1
o - Ozocubu's Armour      Ice            48%        N/A       1%          3

Your spell library contained the following spells:

 Spells                   Type           Power      Damage    Failure   Level
 Frozen Ramparts          Ice            96%        1d11      1%          3
 Magic Dart               Conj           12%        1d3       4%          1
 Blink                    Tloc           6%         N/A       6%          2
 Call Imp                 Summ           3%         N/A       6%          2
 Hailstorm                Conj/Ice       27%        3d7       12%         4
 Gell's Gravitas          Tloc           3%         N/A       13%         3
 Mephitic Cloud           Conj/Pois/Air  3%         N/A       13%         3
 Teleport Other           Tloc           3%         N/A       13%         3
 Metabolic Englaciation   Hex/Ice        13%        N/A       32%         5
 Fireball                 Conj/Fire      1%         3d3       71%         5
 Iskenderun's Battlesphe  Conj           3%         2d6       71%         5
 Manifold Assault         Tloc           3%         N/A       71%         5
 Simulacrum               Ice/Necr       13%        N/A       86%         6
 Conjure Ball Lightning   Conj/Air       1%         3x3d6     99%         6
 Dispersal                Tloc           1%         N/A       99%         6
 Orb of Destruction       Conj           1%         9d5       100%        7
 Storm Form               Tmut/Air       1%         N/A       100%        7


Dungeon Overview and Level Annotations

Branches:
Dungeon (7/15)             Temple (1/1) D:6          Bailey (1/1)

Shops:
D:2 (   D:5 *


Innate Abilities, Weirdness & Mutations

You are a tree.
Your roots penetrate the ground, keeping you stationary.
You cannot be teleported.
You are immune to unholy pain and torment.
Your maximum health is greatly increased.
Your equipment is partially melded.
You have an increased reservoir of magic. (+10% MP)
You shall have no god before yourself.
Your divine heritage dramatically boosts your attributes as you level up.


Message History

* * * LOW HITPOINT WARNING * * *
Something bites you but does no damage.
Really quaff the potion of lignification?
You turn into a tree.
Your +0 cloak melds into your body.
Your +0 hat melds into your body.
Your +2 robe of cold resistance melds into your body.
You feel less resistant to cold.
Your roots penetrate the ground.
Something hits you but does no damage. Something bites you but does no damage.
You cannot move.
You cannot move.
You cannot move.
You cannot move.
You cannot move.
You hit something but do no damage. Something hits you.
* * * LOW HITPOINT WARNING * * *
Something bites you but does no damage.
You closely miss something. Something hits you but does no damage.
Something bites you but does no damage.
You feel better. Something hits you but does no damage.
Something bites you but does no damage.
You miss something. Something hits you but does no damage.
Something bites you but does no damage.
You hit something but do no damage. Something hits you but does no damage.
Something bites you but does no damage.
You completely miss something. Something hits you.
* * * LOW HITPOINT WARNING * * *
Something bites you but does no damage.
You hit something but do no damage. Something hits you!
* * * LOW HITPOINT WARNING * * *
Something bites you but does no damage.
You hit something but do no damage. Something hits you but does no damage.
Something bites you but does no damage.
Your +2 dagger of protection goes still.
You feel clever.
You feel clumsy.
b - the +7 shortbow of Juargh (weapon)
{vorpal, rElec rCorr Int+7 Dex-5} You are confused.
You feel invigorated. Something hits you but does no damage.
Something bites you!
You die...

#8..))..##....♣).
######....##.....♣..
#8...##.).#.........
.....##..#......♣.. #
#...#..#....♣.... #!
#..'..#......... #[.
##..'..#.......##
#.!.##...#..#8..#####)
#[.{♣..##.8#####..)'.
##8...###### #.÷÷##
###### #...# #####


There were no monsters in sight!

Vanquished Creatures
  A gargoyle (Bailey)
  Prince Ribbit (D:6)
  Grinder (D:5)
  Menkaure (D:5)
  An orc warrior (D:4)
  A black bear (D:4)
  An ice beast (D:5)
  2 ogres
  2 phantoms (D:5)
  2 bullfrogs
  3 scorpions
  7 vampire bats (Bailey)
  6 wolf zombies (Bailey)
  A hound (D:6)
  An orc priest (D:4)
  A jelly (D:5)
  Crazy Yiuf (D:6)
  2 iguanas
  2 orc wizards (D:6)
  8 gnolls
  11 adders
  A shadow imp (D:6)
  A worm (D:5)
  4 dart slugs
  9 orcs
  5 bats
  6 endoplasms
  4 giant cockroaches
  19 goblins
  12 hobgoblins
  6 jackals
  2 quokkas (D:2)
  4 ball pythons
  A frilled lizard (D:3)
  12 kobolds
  26 orc zombies (Bailey)
  4 rats (D:1)
172 creatures vanquished.

Notes
Turn   | Place    | Note
-------+----------+-------------------------------------------
     0 | D:1      | avis the Demigod Ice Elementalist began the quest for the
                  | Orb.
     0 | D:1      | Reached XP level 1. HP: 14/14 MP: 5/5
   211 | D:1      | Reached XP level 2. HP: 22/22 MP: 2/7
   339 | D:1      | Reached skill level 1 in Fighting
  1437 | D:2      | Reached XP level 3. HP: 22/29 MP: 4/8
  1566 | D:2      | Learned a level 3 spell: Ozocubu's Armour
  2214 | D:2      | Found Koutagi's Antique Weapon Boutique.
  2798 | D:3      | Reached XP level 4. HP: 36/36 MP: 9/9
  3182 | D:3      | Noticed an ogre
  3563 | D:3      | Killed an ogre
  3564 | D:3      | Reached skill level 5 in Ice Magic
  3564 | D:3      | Reached XP level 5. HP: 45/45 MP: 3/10
  3763 | D:4      | Noticed a black bear
  3772 | D:4      | Killed a black bear
  3892 | D:4      | Noticed an orc warrior
  4129 | D:4      | Reached XP level 6. HP: 46/51 MP: 3/11
  5063 | D:5      | Entered Level 5 of the Dungeon
  5282 | D:5      | Noticed Grinder
  5323 | D:5      | Killed Grinder
  5324 | D:5      | Reached XP level 7. HP: 37/60 MP: 11/14
  5500 | D:5      | Found Oggaul's General Store.
  5637 | D:2      | Bought an ichor-stained shortbow for 208 gold pieces
  5637 | D:2      | Identified the +7 shortbow of Juargh {vorpal, rElec rCorr
                  | Int+7 Dex-5} (You bought it in a shop on level 2 of the
                  | Dungeon)
  5784 | D:5      | Reached skill level 1 in Bows
  5831 | D:5      | Reached skill level 2 in Bows
  5993 | D:5      | Noticed Menkaure
  5998 | D:5      | Killed Menkaure
  5999 | D:5      | Reached skill level 5 in Fighting
  5999 | D:5      | Reached skill level 3 in Bows
  6038 | D:5      | Reached XP level 8. HP: 49/68 MP: 11/15
  6146 | D:5      | Reached skill level 4 in Bows
  6469 | D:5      | Reached skill level 5 in Bows
  7056 | D:6      | Noticed Prince Ribbit
  7065 | D:6      | Killed Prince Ribbit
  7066 | D:6      | Reached skill level 6 in Bows
  7081 | D:6      | Found a staircase to the Ecumenical Temple.
  7577 | D:6      | Found a runed translucent door.
  7578 | D:6      | Noticed Crazy Yiuf
  7586 | D:6      | Killed Crazy Yiuf
  7724 | Temple   | Entered the Ecumenical Temple
  7746 | D:7      | Found a flagged portal.
  7758 | Bailey   | Entered a bailey
  8135 | Bailey   | Noticed a gargoyle
  8367 | Bailey   | Reached skill level 7 in Bows
  8370 | Bailey   | Reached XP level 9. HP: 73/74 MP: 13/16
  8449 | Bailey   | Killed a gargoyle
  8450 | Bailey   | Reached skill level 8 in Bows
  8485 | Bailey   | HP: 4/111 [something (5)]
  8491 | Bailey   | HP: 2/111 [something (7)]
  8494 | Bailey   | Slain by a vampire

Illustrated notes

Levels and vault maps discovered:
D:1:      roderic_dead_forest, layout_basic,
          hellmonk_ecumenical_altar_arch_garden
D:2:      layout_basic, serial_shops, nicolae_shop_advertising_works
          [nicolae_subvault_shop_adworks]
D:3:      layout_basic, nicolae_overflow_ecumenical_swirl, minmay_ogre_servants
D:4:      layout_rooms, corexii_checkpoint_a
D:5:      minmay_diamond_boxcup, layout_rooms, serial_shops, shop,
          uniq_menkaure, uniq_grinder
D:6:      layout_loops_ring, minmay_temple_entry_water_ring,
          uniq_crazy_yiuf_cottage, uniq_prince_ribbit1
D:7:      kennysheep_steamy, layout_cave_pools, enter_bailey_5
Temple:   minmay_temple_bridge_abc
Bailey:   bailey_polearm_vampire_castle_hellmonk, bailey

Skill      XL: |  1  2  3  4  5  6  7  8  9 |
---------------+----------------------------+-----
Ice Magic      | 4 5 6 |  6.0
Fighting       | 1 2 3 4 5 |  5.0
Spellcasting   | 2 3 |  3.0
Stealth        | 2 3 4 |  4.0
Dodging        | 2 3 |  3.0
Bows           | 3 7 8 |  8.3

Action                   |  1- 3 |  4- 6 |  7- 9 || total
-------------------------+-------+-------+-------++-------
Melee: Dagger            |     7 |    51 |    42 ||   100
       Long sword        |       |     5 |       ||     5
       Punch             |       |       |     1 ||     1
 Fire: Hunting sling     |       |    86 |       ||    86
       Shortbow          |       |       |   235 ||   235
 Cast: Freeze            |    59 |    51 |     2 ||   112
       Ozocubu's Armour  |     3 |    16 |    28 ||    47
  Use: Scroll            |       |       |     3 ||     3
       Potion            |       |       |     5 ||     5
 Stab: Sleeping          |     5 |     2 |       ||     7
Armor: Robe              |     6 |    36 |    73 ||   115
       Skin              |       |       |    16 ||    16
Dodge: Dodged            |    21 |    69 |   124 ||   214
Block: Other             |       |       |    26 ||    26

Table legend: (Time is in decaauts)
 A = Elapsed time spent in this place.
 B = Non-inter-level travel time spent in this place.
 C = Inter-level travel time spent in this place.
 D = Time resting spent in this place.
 E = Time spent auto-exploring this place.
 F = Levels seen in this place.
 G = Mean time per level.
                   A        B        C        D        E       F      G
               +--------+--------+--------+--------+--------+-----+--------+
         Total |   8577 |   7627 |    950 |   2572 |   3045 |   9 |  953.0 |
       Dungeon |   7816 |   6866 |    950 |   2256 |   3045 |   7 | 1116.6 |
        Temple |      5 |      5 |      0 |      0 |      0 |   1 |    5.0 |
        Bailey |    754 |    754 |      0 |    315 |      0 |   1 |  754.0 |
               +--------+--------+--------+--------+--------+-----+--------+

Top non-repeatable levels by time:
     D:2: 1604 daAuts
     D:5: 1515 daAuts
     D:1: 1384 daAuts
     D:3: 1294 daAuts
     D:4: 1136 daAuts
     D:6: 868 daAuts
  Bailey: 754 daAuts
     D:7: 13 daAuts
  Temple: 5 daAuts
